cohdb
Replays
Latest Replays
All Replays
Popular Replays
Top Player Replays
Match Explorer
How It Works
Community
CoH3 Stats
Reddit
Sign in to upload your games and track your stats! →
Sign in with Steam
Match 44849387
Unlisted
Match 44849387
Overview
Messages
Build Orders
End
Selects Canadian Shock Battlegroup
Vickers Machine Gun Team
Vickers Machine Gun Team
Construct Field Infirmary
Selects Attacking Spirit
Selects Canadian Shock Section
Canadian Shock Section
Canadian Shock Section
Canadian Shock Section
Construct Section Command Post
Construct Platoon Command Post
Construct Company Command Post
Selects Burnout
Burnout
Unlock M3 Grant Medium Tanks
Selects Pyrotechnics
Burnout
M3 Grant Medium Tank
Burnout
Canadian Shock Section
M3 Grant Medium Tank
Burnout
M3 Grant Medium Tank
Burnout
Selects Churchill Crocodile Heavy Tank
Burnout
Selects Smoke Operation
Churchill Crocodile Heavy Tank
Canadian Shock Section
Burnout
Unlock Towed 17-pounder Anti-tank Guns
Mifczu
Majeranek
Woodie68
TomWPL
Butcher
sittikorn.9197
Brother
Nizar
0
0
Comments
sign in to comment!
No comments posted yet!